 Dungeon Crawl Stone Soup version 0.31.0-11-ge490571c62 (webtiles) character file.

Game seed: 16371000713419996423

37804 jasper the Skirmisher (level 13, -5/89 HPs)
             Began as a Vampire Hunter on Feb 1, 2024.
             Was an Elder of Hepliaklqana.
             Slain by a death yak (7 damage)
             ... on level 4 of the Lair of Beasts.
             The game lasted 00:28:08 (15105 turns).

jasper the Skirmisher (Vampire Hunter)             Turns: 15105, Time: 00:28:08

Health: -5/89      AC: 15    Str: 12    XL:     13   Next: 60%
Magic:  18/18      EV: 23    Int: 12    God:    Hepliaklqana [****..]
Gold:   366        SH:  5    Dex: 20    Spells: 12/12 levels left

rFire   . . .        a - +1 shortbow (freeze)
rCold   . . .        (shield currently unavailable)
rNeg    + . .        K - +0 acid dragon scales
rPois   .            q - +2 helmet
rElec   .            u - +0 cloak
rCorr   +            n - +0 pair of gloves
SInv    +            L - +0 pair of boots
Will    +....        y - amulet of reflection
Stlth   ++           m - +5 ring of evasion
HPRegen 0.54/turn    D - ring of positive energy
MPRegen 0.16/turn

%: reflection
@: healing quickly, invisible (expiring)
A: reduced essence, alive, fangs 3, see invisible, vampiric 2
a: Exsanguinate, Renounce Religion, Recall Ancestor, Ancestor Identity,
Transference, Idealise


You were on level 4 of the Lair of Beasts.
You worshipped Hepliaklqana.
Hepliaklqana was greatly pleased with you.
You visited 3 branches of the dungeon, and saw 16 of its levels.

You collected 908 gold pieces.
You spent 542 gold pieces at shops.

Inventory:

Hand Weapons
 a - a +1 shortbow of freezing (weapon)
 s - a +0 orcbow
Missiles
 e - 22 poisoned darts
 f - 161 stones
 h - 3 curare-tipped darts
 k - 8 boomerangs
 r - 2 throwing nets
Armour
 c - a +0 leather armour
 g - a +0 ring mail
 n - a +0 pair of gloves (worn)
 q - a +2 helmet (worn)
 u - a +0 cloak (worn)
 G - a +0 troll leather armour
 K - +0 acid dragon scales (worn)
 L - a +0 pair of boots (worn)
Jewellery
 m - a +5 ring of evasion (left hand)
 y - an amulet of reflection (around neck)
 D - a ring of positive energy (right hand)
 J - a ring of wizardry
 O - an amulet of the acrobat
 P - an amulet of guardian spirit
 U - a +6 ring of strength
Wands
 F - a wand of iceblast (11)
 H - a wand of flame (8)
 I - a wand of acid (6)
 M - a wand of paralysis (7)
 S - a wand of digging (5)
Scrolls
 j - 3 scrolls of enchant weapon
 l - 5 scrolls of revelation
 p - 2 scrolls of immolation
 x - 4 scrolls of teleportation
 C - 5 scrolls of fog
 E - 2 scrolls of vulnerability
 N - 6 scrolls of amnesia
Potions
 b - 2 potions of attraction
 d - 5 potions of curing
 i - 2 potions of cancellation
 o - a potion of berserk rage {unknown}
 t - 7 potions of might
 w - 2 potions of mutation
 z - 3 potions of brilliance
 A - a potion of resistance
 B - 3 potions of enlightenment
 Q - a potion of degeneration
 R - a potion of lignification
 T - 2 potions of haste


   Skills:
 + Level 8.7 Fighting
 - Level 14.0 Ranged Weapons
 + Level 7.6 Armour
 + Level 10.3 Dodging
 - Level 1.5 Stealth
 + Level 7.1 Invocations


You had 12 spell levels left.
You didn't know any spells.
Your spell library contained the following spells:

 Spells                   Type           Power      Damage    Failure   Level
 Apportation              Tloc           0%         N/A       43%         1
 Necrotise                Necr           0%         1d4       43%         1
 Sting                    Conj/Alch      0%         1d3       43%         1
 Summon Small Mammal      Summ           0%         N/A       43%         1
 Frozen Ramparts          Ice            0%         1d1       80%         3
 Ozocubu's Armour         Ice            0%         N/A       80%         3
 Leda's Liquefaction      Alch/Erth      0%         N/A       99%         4
 Petrify                  Alch/Erth      0%         N/A       99%         4
 Metabolic Englaciation   Hex/Ice        0%         N/A       100%        5
 Sculpt Simulacrum        Ice/Alch       0%         N/A       100%        6


Dungeon Overview and Level Annotations

Branches:
Dungeon (11/15)            Temple (1/1) D:5            Lair (4/5) D:11
 Spider (0/4) Lair:2          Orc (0/2) D:9
  Swamp: Lair:2-3    Shoals: Lair:2-3     Slime: Lair:4-5

Altars:
Ashenzari
Cheibriados
Dithmenos
Fedhas
Gozag
Hepliaklqana
Kikubaaqudgha
Makhleb
Nemelex Xobeh
Okawaru
Qazlal
Ru
Sif Muna
Trog
Uskayaw
Vehumet
Wu Jian
Xom
Yredelemnul

Shops:
D:7 ?   D:9 [

Annotations:
D:6 2 transporters, wildpjah's ghost, novice DjFE
D:11 2 transporters, Gadfly's ghost, journeyman DsMo
Lair:1 2 transporters, Gupteb's ghost, journeyman NaSh
Lair:3 1 runed translucent door, Biggs's ghost, journeyman FeSh
Lair:4 3 runed translucent doors, Caclecre's ghost, journeyman DsGl


Innate Abilities, Weirdness & Mutations

Your life essence is reduced to manifest your ancestor. (-10% HP)
Your natural rate of healing is accelerated.
You have razor-sharp teeth.
You have supernaturally acute eyesight. (SInv)
You are afflicted with vampirism and can become a bat while bloodless.


Message History

You shoot an arrow. The arrow hits the yak.
The arrow freezes the yak.
The yak is lightly wounded.
A nearby plant withers and dies.
The yak misses you.
You shoot an arrow. The arrow hits the yak!
The arrow freezes the yak.
The yak is heavily wounded.
You shoot an arrow. The arrow closely misses the yak.
The yak closely misses you.
You shoot an arrow. The arrow hits the yak.
The arrow freezes the yak.
The yak is severely wounded.
The yak completely misses you.
You shoot an arrow. The arrow hits the yak!
The arrow freezes the yak.
The yak is almost dead.
The yak completely misses you.
You shoot an arrow. The arrow hits the yak!
The arrow freezes the yak.
You kill the yak!
You shoot an arrow. The arrow barely misses the death yak.
The death yak gores you.
You shoot an arrow. The arrow hits the death yak!
The arrow freezes the death yak.
The death yak is lightly wounded.
The death yak gores you but does no damage.
You shoot an arrow. The arrow hits the death yak.
The arrow freezes the death yak.
The death yak is moderately wounded.
You shoot an arrow.
The arrow hits the death yak but does no damage.
The death yak is moderately wounded.
The death yak gores you!!
* * * LOW HITPOINT WARNING * * *
You shoot an arrow. The arrow hits the death yak!
The arrow freezes the death yak.
The death yak is moderately wounded.
The death yak gores you!
* * * LOW HITPOINT WARNING * * *
You shoot an arrow. The arrow hits the death yak!
The arrow freezes the death yak.
The death yak is heavily wounded.
You flicker for a moment.
The death yak gores you!
You die...

#...........#....
#................
##...P..P........
#................
##...............
##.#.............
#..Y.............
##Y..##...........
#@#.#.#....#......
###.####....#.....
P.# #...P##....
##.# #....##.$..
..# #...P#....R
#.# #.....#....Y
.# ##...#......
#....##.... ..
.....


You could see a death yak (unable to see you) and a yak (wandering, unable to
see you).

Vanquished Creatures
  3 hydras
  A boulder beetle (D:8)
  A catoblepas (Lair:2)
  A two-headed ogre (D:8)
  4 death yaks
  Pikel (D:6)
  A deep elf pyromancer (D:7)
  An ugly thing (D:8)
  A cyclops (D:10)
  10 elephants (Lair:2)
  A torpor snail (Lair:2)
  5 cane toads
  A gargoyle (D:11)
  Psyche (D:8)
  A komodo dragon (Lair:2)
  2 rime drakes
  4 trolls
  Prince Ribbit (D:8)
  A polar bear (Lair:4)
  3 hornets
  4 blink frogs (Lair:1)
  8 dream sheep
  A vampire (D:11)
  A wraith (D:11)
  3 wyverns
  A spriggan (Lair:2)
  12 yaks
  5 basilisks
  A vampire mosquito (D:8)
  3 steam dragons
  An acid dragon (D:8)
  Menkaure (D:4)
  11 water moccasins
  A sky beast (D:7)
  3 orc warriors
  7 black bears
  2 ice beasts (D:5)
  11 wolves
  9 centaurs
  An ogre (D:6)
  A phantom (D:5)
  4 kobold brigands
  8 bullfrogs
  6 scorpions
  A wight (D:8)
  3 killer bees
  3 howler monkeys
  2 electric eels (Lair:4)
  A crimson imp (D:10)
  2 jellies
  6 orc priests
  A bombardier beetle (D:6)
  2 hounds
  A gnoll bouda (D:5)
  2 iguanas
  2 sleepcaps
  5 orc wizards
  9 gnolls
  5 adders
  2 shadow imps
  2 white imps (D:10)
  4 ribbon worms
  3 dart slugs (D:2)
  34 orcs
  3 bats
  3 endoplasms
  9 giant cockroaches
  4 goblins
  3 hobgoblins
  6 jackals
  6 quokkas
  8 ball pythons
  16 kobolds
  5 rats
302 creatures vanquished.

Vanquished Creatures (collateral kills)
  Erica (D:10)
  3 two-headed ogres
  8 elephants (Lair:2)
  4 cane toads
  A kobold demonologist (D:10)
  A hornet (D:9)
  A blink frog (Lair:1)
  5 dream sheep
  A shadow (D:11)
  3 yaks (Lair:3)
  A steam dragon (D:8)
  4 water moccasins
  An orc warrior (D:10)
  A sky beast (D:7)
  2 wolves (Lair:1)
  2 bullfrogs (Lair:1)
  2 killer bees (D:9)
  A crimson imp (D:10)
  A bombardier beetle (D:7)
  An orc priest (D:10)
  An orc wizard (D:11)
  2 white imps (D:10)
  5 orcs
  A giant cockroach (Lair:2)
  3 kobolds (D:10)
  A butterfly (Lair:4)
57 creatures vanquished.

Vanquished Creatures (others)
  8 knights
  11 ancestors
  An orc (D:6)
20 creatures vanquished.

Grand Total: 379 creatures vanquished

Notes
Turn   | Place    | Note
-------+----------+-------------------------------------------
     0 | D:1      | jasper the Vampire Hunter began the quest for the Orb.
     0 | D:1      | Reached XP level 1. HP: 16/16 MP: 1/1
   124 | D:1      | Reached XP level 2. HP: 22/22 MP: 2/2
   732 | D:2      | Reached skill level 1 in Armour
   776 | D:2      | Gained mutation: You are afflicted with vampirism and can
                  | become a bat while bloodless. [Vampire growth]
   776 | D:2      | Reached XP level 3. HP: 28/28 MP: 3/3
  1331 | D:3      | Found an opulent altar of Gozag.
  2171 | D:3      | Reached XP level 4. HP: 34/34 MP: 4/4
  2713 | D:4      | Reached XP level 5. HP: 36/41 MP: 5/5
  2859 | D:4      | Noticed Menkaure
  2864 | D:4      | Killed Menkaure
  2865 | D:4      | Reached XP level 6. HP: 48/48 MP: 6/6
  3066 | D:5      | Entered Level 5 of the Dungeon
  3087 | D:5      | Noticed an ice beast
  3203 | D:5      | Noticed an ice beast
  3233 | D:5      | Killed an ice beast
  3234 | D:5      | Reached skill level 5 in Dodging
  3236 | D:5      | Reached XP level 7. HP: 16/54 MP: 7/7
  3475 | D:5      | Found a staircase to the Ecumenical Temple.
  3484 | Temple   | Entered the Ecumenical Temple
  3490 | Temple   | Became a worshipper of Hepliaklqana the Forgotten
  3623 | D:5      | Reached skill level 4 in Ranged Weapons
  4251 | D:6      | Reached skill level 5 in Ranged Weapons
  4257 | D:6      | Reached XP level 8. HP: 59/61 MP: 8/8
  4286 | D:5      | Reached skill level 6 in Ranged Weapons
  4480 | D:6      | Found a transporter.
  4480 | D:6      | Noticed a cyclops
  4481 | D:6      | Noticed wildpjah's ghost (novice DjFE)
  4505 | D:6      | Found a transporter.
  4511 | D:6      | Reached * piety under Hepliaklqana
  4541 | D:6      | Reached skill level 7 in Ranged Weapons
  5108 | D:7      | Noticed Pikel
  5188 | D:6      | Killed Pikel
  5189 | D:6      | Reached skill level 8 in Ranged Weapons
  5189 | D:6      | Reached XP level 9. HP: 59/59 MP: 9/9
  5292 | D:7      | Found Joaf's Magic Scroll Boutique.
  5307 | D:7      | Reached skill level 9 in Ranged Weapons
  5311 | D:7      | Bought a scroll of enchant armour for 82 gold pieces
  5311 | D:7      | Bought a scroll of enchant weapon for 82 gold pieces
  5311 | D:7      | Bought a scroll of fog for 44 gold pieces
  5311 | D:7      | Bought a scroll of teleportation for 33 gold pieces
  5311 | D:7      | Bought a scroll of vulnerability for 44 gold pieces
  5311 | D:7      | Bought a scroll of teleportation for 33 gold pieces
  5311 | D:7      | Bought a scroll of fog for 44 gold pieces
  5317 | D:7      | Noticed a deep elf pyromancer
  5318 | D:7      | Noticed a troll
  5319 | D:7      | Noticed a troll
  5323 | D:7      | Killed a deep elf pyromancer
  5325 | D:7      | Killed a troll
  5326 | D:7      | Reached skill level 10 in Ranged Weapons
  5326 | D:7      | Killed a troll
  5647 | D:7      | Found a snail-covered altar of Cheibriados.
  5791 | D:8      | Noticed a two-headed ogre
  5816 | D:8      | Killed a two-headed ogre
  5817 | D:8      | Reached XP level 10. HP: 65/65 MP: 10/10
  5865 | D:8      | Reached skill level 11 in Ranged Weapons
  5981 | D:8      | Noticed Prince Ribbit
  5990 | D:8      | Killed Prince Ribbit
  6392 | D:8      | Noticed a boulder beetle
  6422 | D:8      | Killed a boulder beetle
  6423 | D:8      | Reached skill level 12 in Ranged Weapons
  6454 | D:8      | Noticed Psyche
  6530 | D:8      | Killed Psyche
  6944 | D:8      | Noticed a brown ugly thing
  6970 | D:8      | Killed a brown ugly thing
  6971 | D:8      | Reached skill level 13 in Ranged Weapons
  6975 | D:8      | Reached XP level 11. HP: 45/70 MP: 11/11
  7043 | D:8      | Reached ** piety under Hepliaklqana
  7044 | D:8      | Remembered your ancestor Dracula as a knight
  7369 | D:8      | Found a hide-covered altar of Uskayaw.
  7374 | D:8      | Found an iron altar of Okawaru.
  7497 | D:9      | Found Butuy's Antique Armour Shoppe.
  7501 | D:9      | Bought a pair of boots for 90 gold pieces
  7755 | D:9      | Found a staircase to the Orcish Mines.
  8222 | D:10     | Entered Level 10 of the Dungeon
  8304 | D:10     | Noticed Erica
  8313 | D:10     | Killed Erica
  8476 | D:10     | Noticed a two-headed ogre
  8481 | D:10     | Killed a two-headed ogre
  8529 | D:10     | Noticed a sixfirhy
  8546 | D:10     | Reached skill level 14 in Ranged Weapons
  8713 | D:9      | Bought a cloak for 90 gold pieces
  9463 | D:10     | Reached *** piety under Hepliaklqana
  9677 | D:11     | Noticed a two-headed ogre
  9685 | D:11     | Killed a two-headed ogre
  9686 | D:11     | Reached skill level 5 in Fighting
  9686 | D:11     | Reached skill level 1 in Invocations
  9904 | D:11     | Found a staircase to the Lair.
  9979 | D:11     | Found a transporter.
  9991 | D:11     | Noticed Gadfly's ghost (journeyman DsMo)
  9991 | D:11     | Noticed a two-headed ogre
  9991 | D:11     | Identified the +8 giant club "Arbiter" {flame, rF- rCorr
                  | Str+8 Int+2}
  9991 | D:11     | Noticed a two-headed ogre
  9992 | D:11     | Noticed a two-headed ogre
  9992 | D:11     | Noticed a two-headed ogre
  9996 | D:11     | Found a transporter.
 10245 | D:11     | Noticed a two-headed ogre
 10251 | D:11     | Killed a two-headed ogre
 10353 | Lair:1   | Entered Level 1 of the Lair of Beasts
 10547 | Lair:1   | Found a transporter.
 10550 | Lair:1   | Noticed Gupteb's ghost (journeyman NaSh)
 10582 | Lair:1   | Reached XP level 12. HP: 63/78 MP: 14/14
 10654 | Lair:1   | Reached skill level 5 in Armour
 10916 | Lair:1   | Reached **** piety under Hepliaklqana
 10968 | Lair:1   | Found a transporter.
 11316 | Lair:2   | Found a hole to the Spider Nest.
 11579 | Lair:2   | Reached skill level 5 in Invocations
 11584 | Lair:2   | Noticed a catoblepas
 11604 | Lair:2   | Killed a catoblepas
 11712 | Lair:2   | Noticed a four-headed hydra
 11721 | Lair:2   | Killed a four-headed hydra
 12085 | Lair:2   | Noticed a dire elephant
 12149 | Lair:2   | Reached XP level 13. HP: 32/88 MP: 17/17
 12611 | Lair:3   | Found a runed translucent door.
 12786 | Lair:3   | Noticed Biggs's ghost (journeyman FeSh)
 13609 | Lair:4   | Found a runed translucent gate.
 13609 | Lair:4   | Found a runed translucent gate.
 13609 | Lair:4   | Found a runed translucent gate.
 14166 | Lair:4   | Reached skill level 10 in Dodging
 14710 | Lair:4   | Noticed Caclecre's ghost (journeyman DsGl)
 15104 | Lair:4   | HP: 2/89 [death yak (14)]
 15105 | Lair:4   | Slain by a death yak

Illustrated notes

Levels and vault maps discovered:
D:1:      dpeg_arrival_concentric_ovals, layout_basic
D:2:      layout_basic
D:3:      layout_basic, chequers_temple_overflow_statue_of_worship,
          minmay_misc_feat_encased
D:4:      layout_gridville, uniq_menkaure
D:5:      layout_basic, minmay_temple_entry_drinking_statues,
          gup_sewer_entry_spiral
D:6:      layout_cave_pools, gammafunk_ghost_arena
D:7:      minmay_cornered_nines, layout_cave_pools, slow_altar_2, serial_shops,
          shop, chequers_jeans, uniq_pikel
D:8:      nzn_winding_woodlands_medium [nzn_winding_woodlands_5x5_closed_star,
          nzn_winding_woodlands_5x15_parted, nzn_winding_woodlands_5x5_default,
          nzn_winding_woodlands_5x5_open_star,
          nzn_winding_woodlands_center_garden,
          nzn_winding_woodlands_5x5_perimeter,
          nzn_winding_woodlands_5x5_default, nzn_winding_woodlands_5x15_jagged,
          nzn_winding_woodlands_hourglass], layout_rooms, minitemple,
          minmay_fractal_squares_diagonal_5, uniq_prince_ribbit1, uniq_psyche
D:9:      layout_loops_ring, orc_0_dummy, serial_shops,
          nicolae_shop_hallway_stairs
D:10:     layout_cave_pods, minmay_misc_feat_roman, st_stairs_4,
          nicolae_kite_square_tiling_tiny, minmay_fire_ice_demons, uniq_erica
D:11:     layout_roguey, lair_entry_dummy, gammafunk_ghost_smash
Temple:   nicolae_temple_x_marks_the_god
Lair:1:   layout_roguey, gammafunk_ghost_berserking_beasts, minivault_27,
          serial_bayou_pond_e, beast_lair_carwin_5
Lair:2:   mu_elephants_graveyard, layout_hall_layers,
          mainiacjoe_shoals_entry_four_pools, nicolae_spider_entry_non_spiders,
          lemuel_fruit_tree
Lair:3:   layout_loops_ring, gammafunk_ghost_grave
Lair:4:   layout_long_grid, gammafunk_ghost_split, infiniplex_staircase_pool,
          grunt_megastairs_4, serial_bayou_shore_a, lemuel_fruit_fields

Skill      XL: |  1  2  3  4  5  6  7  8  9 10 11 12 13 |
---------------+----------------------------------------+-----
Fighting       | 2 3 4 5 7 8 |  8.7
Armour         | 1 2 3 4 6 7 |  7.6
Dodging        | 3 4 5 6 9 10 | 10.3
Ranged Weapons | 5 8 10 13 14 | 14.0
Invocations    | 3 5 7 |  7.1
Stealth        | |  1.5

Action                     |  1- 3 |  4- 6 |  7- 9 | 10-12 | 13-15 || total
---------------------------+-------+-------+-------+-------+-------++-------
   Fire: Shortbow          |   114 |   105 |   275 |   930 |   387 ||  1811
 Invoke: Recall Ancestor   |       |       |     2 |     1 |     4 ||     7
         Ancestor Identity |       |       |     1 |       |       ||     1
         Ancestor Life: Kn |       |       |       |     1 |       ||     1
         Idealise          |       |       |       |       |     1 ||     1
  Evoke: Wand              |       |     1 |     4 |    14 |     1 ||    20
    Use: Scroll            |     8 |     5 |     6 |    16 |     3 ||    38
         Potion            |       |       |     2 |     2 |     4 ||     8
 Armour: Leather armour    |     1 |       |       |       |       ||     1
         Ring mail         |    12 |    52 |    58 |    36 |       ||   158
         Skin              |       |       |    16 |       |       ||    16
         Acid dragon scale |       |       |       |   118 |    92 ||   210
  Dodge: Dodged            |    25 |    30 |    67 |   223 |   169 ||   514
  Block: Other             |       |       |     5 |    60 |    32 ||    97
         Reflection        |       |       |       |    11 |       ||    11
